 Dungeon Crawl Stone Soup version 0.27-a0-1119-gbf574a6a6b (webtiles) character file.

Game seed: 1318852836618789250

656 Zeld the Chucker (level 7, -1/49 HPs)
             Began as an Octopode Fighter on May 2, 2021.
             Was a Follower of Okawaru.
             Slain by a sky beast (6 damage)
             ... on level 5 of the Dungeon.
             The game lasted 00:08:35 (7188 turns).

Zeld the Chucker (Octopode Fighter)                 Turns: 7188, Time: 00:08:36

Health: -1/49      AC:  5    Str: 18    XL:     7   Next: 55%
Magic:  7/7        EV: 11    Int: 10    God:    Okawaru [*.....]
Gold:   33         SH:  9    Dex: 11    Spells: 6/6 levels left

rFire    . . .     SeeInvis .   a - +2 war axe
rCold    . . .     Faith    .   b - +0 kite shield
rNeg     . . .     Spirit   .   (helmet restricted)
rPois    .         Reflect  .   (no amulet)
rElec    .         Harm     .   m - +4 ring of protection
rCorr    .         Rampage  .   (no ring)
Will     .....                  (no ring)
Stlth    ++........             (no ring)
HPRegen  0.16/turn              (no ring)
MPRegen  0.10/turn              (no ring)
                                (no ring)
                                (no ring)

@: no status effects
A: almost no armour, amphibious, 8 rings, camouflage 1, gelatinous body 1,
(nimble swimmer 1), tentacles
a: Renounce Religion, Heroism


You were on level 5 of the Dungeon.
You worshipped Okawaru.
Okawaru was aware of your devotion.
You visited 2 branches of the dungeon, and saw 7 of its levels.

You collected 194 gold pieces.
You spent 161 gold pieces at shops.

Inventory:

Hand Weapons
 a - a +2 war axe (weapon)
Missiles
 f - 26 poisoned darts (quivered)
Armour
 b - a +0 kite shield (worn)
Jewellery
 m - a +4 ring of protection (left tentacle)
Wands
 o - a wand of flame (19)
 p - a wand of charming (6)
Scrolls
 d - a scroll of fear
 e - 4 scrolls of blinking
 k - 3 scrolls of teleportation
Potions
 c - a potion of might
 j - a potion of flight {unknown}
 n - a potion of ambrosia {unknown}
 r - a potion of mutation {unknown}


   Skills:
 * Level 4.4 Fighting
 * Level 3.6 Axes
 - Level 6.0 Throwing
 - Level 3.0 Dodging
 + Level 3.7 Shields


You had 6 spell levels left.
You didn't know any spells.
Your spell library was empty.

Dungeon Overview and Level Annotations

Branches:
Dungeon (6/15)             Temple (1/1) D:4

Altars:
Cheibriados
Dithmenos
Elyvilon
Fedhas
Gozag
Makhleb
Nemelex Xobeh
Okawaru
Qazlal
Ru
Trog
Uskayaw
Xom
The Shining One
Lugonu

Shops:
D:3 !   D:4 ?


Innate Abilities, Weirdness & Mutations

You cannot wear most types of armour.
You are amphibious.
You can wear up to eight rings at the same time.
Your skin changes colour to match your surroundings (Stealth+).
Your rubbery body absorbs attacks. (AC +1, EV +1)
((You are camouflaged near water. (Stealth+)))
You have tentacles for arms and can constrict up to eight enemies at once.


Message History

The sky beast shocks you.
You closely miss the sky beast.
The sky beast is heavily wounded.
The sky beast completely misses you.
You are too injured to fight recklessly!
You are too injured to fight recklessly!
You are too injured to fight recklessly!
You are too injured to fight recklessly!
You barely miss the sky beast.
The sky beast is heavily wounded.
You block the sky beast's attack. The sky beast barely misses you.
You slash the sky beast!
The sky beast is severely wounded.
The sky beast hits you but does no damage.
You hit the sky beast.
The sky beast is almost dead.
The sky beast hits you but does no damage.
The sky beast barely misses you.
You hit the sky beast but do no damage.
The sky beast is almost dead.
The sky beast closely misses you.
You barely miss the sky beast. Your squeeze misses the sky beast.
The sky beast is almost dead.
You block the sky beast's attack. The sky beast hits you.
The sky beast shocks you.
Your shield prevents you from hitting the sky beast.
The sky beast is severely wounded.
The sky beast hits you.
* * * LOW HITPOINT WARNING * * *
The sky beast shocks you.
* * * LOW HITPOINT WARNING * * *
You barely miss the sky beast. Your squeeze misses the sky beast.
The sky beast is severely wounded.
You block the sky beast's attack. x2
You closely miss the sky beast.
The sky beast is severely wounded.
You block the sky beast's attack. The sky beast hits you.
* * * LOW HITPOINT WARNING * * *
The sky beast shocks you.
You die...

#.#.....###.#.#####
###.#.....#<#[#....##
#........##).)...#+##
#....#...########..?#
#....#...# #.....#
#....#...# #.#...#
#....##### #.#####
#...Y# #.# #.. #...@#
#.# #.. #....# #.#
#.. #....# #.# #..
###### #.# #.. #.#
### #########.#
#.........#####
#...........[..
#..............


You could see a sky beast.

Vanquished Creatures
  An orc warrior (D:5)
  A necrophage (D:5)
  An ogre (D:4)
  A bullfrog zombie (D:2)
  A centaur zombie (D:5)
  2 orc priests
  A gnoll shaman (D:5)
  An orc wizard (D:5)
  8 gnolls
  A howler monkey skeleton (D:4)
  3 adders
  An ufetubus (D:5)
  2 worms
  A dart slug (D:4)
  16 orcs
  A ball python (D:1)
  7 bats
  5 endoplasms
  2 giant cockroaches
  5 goblins
  7 hobgoblins
  8 jackals
  3 quokkas
  3 frilled lizards
  7 kobolds
  4 rats
93 creatures vanquished.

Notes
Turn   | Place    | Note
-------+----------+-------------------------------------------
     0 | D:1      | Zeld the Octopode Fighter began the quest for the Orb.
     0 | D:1      | Reached XP level 1. HP: 16/16 MP: 1/1
   252 | D:1      | Found a faded altar of an unknown god.
   545 | D:1      | Reached XP level 2. HP: 12/21 MP: 2/2
   678 | D:1      | Reached skill level 1 in Throwing
  1164 | D:2      | Reached skill level 2 in Throwing
  1164 | D:2      | Reached XP level 3. HP: 23/26 MP: 3/3
  1460 | D:2      | Reached skill level 3 in Throwing
  1460 | D:2      | Reached XP level 4. HP: 11/31 MP: 4/4
  2256 | D:3      | Reached skill level 4 in Throwing
  2256 | D:3      | Reached XP level 5. HP: 30/36 MP: 5/5
  2563 | D:3      | Found Cuywug's Distillery.
  2568 | D:3      | Bought a potion of heal wounds for 70 gold pieces
  2748 | D:4      | Found Caaviqif's Magic Scroll Emporium.
  2766 | D:4      | Bought a scroll of identify for 26 gold pieces
  3922 | D:4      | Reached skill level 5 in Throwing
  4150 | D:4      | Found a shadowy altar of Dithmenos.
  4150 | D:4      | Found a white marble altar of Elyvilon.
  4270 | D:4      | Noticed an ogre
  4280 | D:4      | Killed an ogre
  4281 | D:4      | Reached XP level 6. HP: 17/42 MP: 6/6
  4465 | D:4      | Found a staircase to the Ecumenical Temple.
  4489 | Temple   | Entered the Ecumenical Temple
  4515 | Temple   | Became a worshipper of Warmaster Okawaru
  4647 | D:4      | Found a hide-covered altar of Uskayaw.
  4647 | D:4      | Noticed a +0 dagger
  4647 | D:4      | Noticed a +0 falchion
  4648 | D:4      | Noticed a +0 spear
  4649 | D:4      | Noticed a +0 short sword
  4650 | D:4      | Noticed a +0 spear
  4650 | D:4      | Noticed a +0 falchion
  4651 | D:4      | Noticed a +0 short sword
  4652 | D:4      | Noticed a +0 dagger
  4822 | D:4      | Found a glowing golden altar of the Shining One.
  4868 | D:4      | Bought a scroll of identify for 26 gold pieces
  4879 | D:5      | Entered Level 5 of the Dungeon
  4888 | D:5      | Reached skill level 6 in Throwing
  5959 | D:5      | Noticed a necrophage
  5966 | D:5      | Killed a necrophage
  5966 | D:5      | Reached * piety under Okawaru
  5967 | D:5      | Reached XP level 7. HP: 47/47 MP: 7/7
  6533 | D:5      | Found a burning altar of Makhleb.
  6642 | D:4      | Bought a scroll of teleportation for 39 gold pieces
  7188 | D:5      | Slain by a sky beast

Illustrated notes

Levels and vault maps discovered:
D:1:      scummos_arrival_star, layout_loops_ring,
          hellmonk_ecumenical_altar_inner_sanctum, serial_bayou_pond_e
D:2:      layout_rooms, serial_glass, glass_columns_c, glass_columns_a,
          minmay_strange_pillars
D:3:      layout_rooms, serial_shops, nicolae_shop_trees
D:4:      layout_cave_pools, lemuel_round_altar, nicolae_uskayaw_en_pointe,
          gammafunk_temple_overflow_wave, minmay_temple_entry_statues_fountains,
          serial_shops, shop_scrolls
D:5:      layout_basic, overflow_temple_1_default
D:6:      layout_gridville, palyth_temple_overflow_mages,
          nicolae_overflow_crystal_walls
Temple:   corrupted_temple

Skill      XL: |  1  2  3  4  5  6  7 |
---------------+----------------------+-----
Throwing       | 2 3 4 5 6 |  6.0
Axes           | 3 |  3.6
Fighting       | 4 |  4.4
Dodging        | |  3.0
Shields        | |  3.7

Action                   |  1- 3 |  4- 6 |  7- 9 || total
-------------------------+-------+-------+-------++-------
Melee: War axe           |    41 |    96 |    59 ||   196
       Constrict         |    10 |    31 |     6 ||    47
       Tentacles         |     9 |    19 |     6 ||    34
Throw: Dart              |       |     3 |       ||     3
  Use: Scroll            |       |    12 |     1 ||    13
       Potion            |       |     1 |     2 ||     3
 Stab: Sleeping          |     3 |     6 |       ||     9
Armor: Skin              |     2 |    20 |    37 ||    59
Dodge: Dodged            |    22 |    53 |    30 ||   105
Block: Kite shield       |    20 |    56 |    40 ||   116

Table legend: (Time is in decaauts)
 A = Elapsed time spent in this place.
 B = Non-inter-level travel time spent in this place.
 C = Inter-level travel time spent in this place.
 D = Time resting spent in this place.
 E = Time spent auto-exploring this place.
 F = Levels seen in this place.
 G = Mean time per level.
                   A        B        C        D        E       F      G
               +--------+--------+--------+--------+--------+-----+--------+
         Total |   7325 |   7120 |    205 |   2584 |   3602 |   7 | 1046.4 |
       Dungeon |   7273 |   7082 |    191 |   2584 |   3584 |   6 | 1212.2 |
        Temple |     51 |     37 |     14 |      0 |     18 |   1 |   51.0 |
               +--------+--------+--------+--------+--------+-----+--------+

Top non-repeatable levels by time:
     D:4: 1814 daAuts
     D:3: 1703 daAuts
     D:5: 1485 daAuts
     D:2: 1119 daAuts
     D:1: 1068 daAuts
     D:6: 82 daAuts
  Temple: 51 daAuts
